 Dungeon Crawl Stone Soup version 0.25.1-11-g244df3a29b (webtiles) character file.

Game seed: 9156777092288835566

14014 DeepDeath the Carver (level 11, -12/89 HPs)
             Began as a Pale Draconian Fighter on Nov 13, 2023.
             Was a High Priest of Makhleb.
             Mangled by a wolf spider (30 damage)
             ... in a Gauntlet on Nov 14, 2023.
             The game lasted 00:56:31 (15464 turns).

DeepDeath the Carver (Pale Draconian Fighter)      Turns: 15464, Time: 00:56:33

Health: -12/89     AC:  9    Str: 30    XL:     11   Next: 83%
Magic:  14/14      EV: 12    Int:  6    God:    Makhleb [*****.]
Gold:   1349       SH: 14    Dex: 13    Spells: 10/10 levels left

rFire    + . .     SeeInvis .   w - +1 scimitar of Bright Valiance {freeze, Str+4}
rCold    + . .     Gourm    .   k - +1 kite shield
rNeg     . . .     Faith    +   (armour unavailable)
rPois    +         Spirit   .   (helmet restricted)
rElec    +         Reflect  .   x - +0 cloak
rCorr    +         Harm     .   (no gloves)
MR       .....     NoTele   +   A - +0 pair of boots
Stlth    +++.......             G - amulet of faith
HPRegen  0.24/turn              g - ring of stealth
MPRegen  0.14/turn              z - +6 ring of strength

@: lethally poisoned (-12 -> -33), resistant, flying
A: breathe steam, unfitting armour, blink, dopey 1, cold-blooded, AC +7
a: Breathe Steam, Blink, Minor Destruction, Lesser Servant of Makhleb, Major
Destruction, Greater Servant of Makhleb, Renounce Religion


You were in a Gauntlet.
You worshipped Makhleb.
Makhleb was extremely pleased with you.
You were not hungry.

You visited 3 branches of the dungeon, and saw 13 of its levels.
You also visited: Ossuary and Gauntlet.

You collected 1349 gold pieces.

Inventory:

Hand Weapons
 a - a +1 long sword
 q - a +1 falchion of protection
 s - the +6 dagger of Kysch {protect, +Inv rF+}
   (You found it on level 5 of the Dungeon)

   It grants its wielder temporary protection when it strikes (+7 to AC).
   It protects you from fire.
   It lets you turn invisible.
 w - the +1 scimitar of Bright Valiance (weapon) {freeze, Str+4}
   (You acquired it in an ossuary)

   It has been specially enchanted to freeze those struck by it, causing extra
   injury to most foes and up to half again as much damage against particularly
   susceptible opponents.
   It can also slow down cold-blooded creatures.
   It affects your strength (+4).
Missiles
 e - 85 bolts
 l - 102 sling bullets
 B - 10 boomerangs
 D - 8 poisoned darts (quivered)
 N - a throwing net
 Z - 10 curare-tipped darts
Armour
 k - a +1 kite shield (worn)
 x - a +0 cloak (worn)
 A - a +0 pair of boots (worn)
Jewellery
 g - a ring of stealth (left hand)
 z - a +6 ring of strength (right hand)
 G - an amulet of faith (around neck)
Wands
 n - a wand of flame (47)
 t - a wand of iceblast (10)
 C - a wand of acid (11)
 E - a wand of clouds (7)
 H - a wand of polymorph (8)
Scrolls
 i - 4 scrolls of remove curse
 j - 9 scrolls of teleportation
 m - a scroll of enchant armour
 p - 3 scrolls of identify
 r - a scroll of enchant weapon
 u - a scroll of magic mapping
 y - a scroll of noise
 J - 3 scrolls of fog
 K - a scroll of fear
Potions
 b - 2 potions of heal wounds
 c - 3 potions of curing
 h - a potion of might
 o - 6 potions of flight
 F - a potion of haste
Comestibles
 d - 14 rations
 f - 4 chunks of flesh


   Skills:
 + Level 6.1 Fighting
 - Level 3.8(10.0) Short Blades
 - Level 13.8(14.0) Long Blades
 - Level 4.0 Throwing
 - Level 3.0 Dodging
 - Level 1.0 Stealth
 * Level 10.0 Shields
 + Level 4.2 Invocations
 + Level 1.5 Evocations


You had 10 spell levels left.
You didn't know any spells.
Your spell library contained the following spells:

 Spells                   Type           Power        Failure   Level  Hunger
 Animate Skeleton         Necr           N/A          67%         1    ##.....
 Apportation              Tloc           #.....       67%         1    ##.....
 Corona                   Hex            #......      67%         1    ##.....
 Summon Small Mammal      Summ           #...         67%         1    ##.....


Dungeon Overview and Level Annotations

Branches:
Dungeon (9/15)             Temple (1/1) D:5            Lair (3/6) D:9
  Swamp (0/4) Lair:2       Spider (0/4) Lair:3      Ossuary (visited)
Gauntlet (1/1)
    Orc: D:9-12

Altars:
Ashenzari
Cheibriados
Dithmenos
Elyvilon
Fedhas
Gozag
Hepliaklqana
Kikubaaqudgha
Makhleb
Nemelex Xobeh
Okawaru
Qazlal
Ru
Sif Muna
Trog
Uskayaw
Vehumet
Wu Jian
Xom
Yredelemnul
Zin
The Shining One

Shops:
D:5 [

Annotations:
D:6 2 runed translucent doors
Lair:1 exclusion: hydra Gauntlet 11 transporters, 2 runed translucent doors


Innate Abilities, Weirdness & Mutations

You can breathe blasts of scalding, opaque steam.
Your pale cyan-grey scales are hard. (AC +7)
You cannot fit into any form of body armour.
You are cold-blooded and may be slowed by cold attacks.
You can translocate small distances at will.
You are dopey. (Int -2)


Message History

The wolf spider hits your hellwing!
The wolf spider barely misses your hellwing.
The redback bites you. You block the redback's attack.
The wolf spider hits your hellwing!! The wolf spider bites your hellwing.
The redback bites you!
* * * LOW HITPOINT WARNING * * *
Your hellwing hits the wolf spider.
Your hellwing hits the wolf spider but does no damage.
You block the redback's attack. The wolf spider hits your hellwing.
The wolf spider bites your hellwing!
Your hellwing dies!
The redback closely misses you.
Unknown command.
As you read the scroll of fear, it crumbles to dust.
You assume a fearsome visage.
* * * LOW HITPOINT WARNING * * *
You feel sick. The redback bites you.
* * * LOW HITPOINT WARNING * * *
The wolf spider hits you!!
You die...

#..#..##..#..≈###≈..#..#.#...#.#.
[##.##.#..#..##≈##..#..#$.####.#.
*3.....#..#.........#..#ww.....#.
########..#.........#..#########.
.......#..###########..#.........
########..#=...≈....#..#########.
.......#..#≈≈.≈≈.≈≈≈#..#.......#.
=###.#.#..#..≈.s≈≈..#..#.#.#.⌠.#.
[###...#..#!≈.≈≈@...#..#..P.P..#.
©###©..#©©#©..≈ss≈≈.#©©#©#.©†8.#©
..^.##.#..#...≈≈.≈.≈#..#(.P.P..#.
YY.^##.#..#≈.≈..≈..≈#..#.#.#.8.#.
pYY....#..#.≈≈≈..≈≈.#..#.......#.
########..#!...≈≈...#..#########.
.......#..###########..#.........
########..#.........#..#########.
##...###..#.........#..#www....#.


You could see a wolf spider (berserk) and 2 redbacks.

Vanquished Creatures
  4 elephants (Lair:1)
  Joseph (D:9)
  A moth of wrath (Gauntlet)
  3 black mambas (Lair:1)
  2 spiny frogs
  A rime drake (Lair:3)
  2 komodo dragons (Lair:1)
  A hornet (D:9)
  Grinder (D:3)
  A merfolk (D:9)
  A tyrant leech (Lair:2)
  5 hippogriffs
  Sigmund (D:6)
  A basilisk (Lair:3)
  Eustachio (D:4)
  7 yaks
  2 swamp worms
  Edmund (D:6)
  3 wargs (D:9)
  5 water moccasins
  Duvessa (D:6)
  3 porcupines
  4 ice beasts
  A hornet zombie (D:9)
  5 orc warriors
  2 phantoms (D:7)
  2 sky beasts
  6 ogres
  A centaur (D:5)
  5 crocodiles
  2 big kobolds
  An elf zombie (Ossuary)
  5 bullfrogs
  2 gnoll sergeants
  Dowan (D:6)
  A scorpion (D:7)
  8 killer bees (D:8)
  A howler monkey (D:3)
  6 crimson imps
  3 hounds
  2 jellies (D:8)
  2 orc priests (D:9)
  A centaur skeleton (D:8)
  2 iguanas
  7 orc wizards
  3 hell rats (Lair:1)
  4 worker ants
  A hound skeleton (D:8)
  4 mummies
  10 adders
  13 gnolls
  6 river rats (Lair:1)
  6 shadow imps
  3 adder zombies
  3 worms
  3 dart slugs
  4 leopard geckos
  30 orcs
  7 bats
  8 giant cockroaches
  9 goblins
  14 hobgoblins
  A jackal (D:5)
  15 kobolds
  5 quokkas
  2 ball pythons
  8 frilled lizards
  A gnoll zombie (Ossuary)
  3 goblin zombies (Ossuary)
  2 hobgoblin zombies (Ossuary)
  A jackal skeleton (D:6)
  7 kobold zombies
  A leopard gecko skeleton (D:4)
  13 rats
305 creatures vanquished.

Vanquished Creatures (collateral kills)
  A redback (Gauntlet)
  A swamp worm (Gauntlet)
2 creatures vanquished.

Vanquished Creatures (others)
  A fungus (Lair:2)
  A plant (Lair:2)
2 creatures vanquished.

Grand Total: 309 creatures vanquished

Notes
Turn   | Place    | Note
-------+----------+-------------------------------------------
     0 | D:1      | DeepDeath the Draconian Fighter began the quest for the
                  | Orb.
     0 | D:1      | Reached XP level 1. HP: 19/19 MP: 1/1
   115 | D:1      | Reached XP level 2. HP: 26/26 MP: 2/2
   147 | D:1      | Reached skill level 3 in Long Blades
   575 | D:1      | Reached XP level 3. HP: 10/31 MP: 3/3
  1310 | D:2      | Reached skill level 4 in Long Blades
  1502 | D:2      | Reached XP level 4. HP: 38/38 MP: 4/4
  1550 | D:2      | Found an ornate altar of the Wu Jian Council.
  2533 | D:3      | Noticed Grinder
  2538 | D:3      | Reached skill level 5 in Long Blades
  2541 | D:3      | Paralysed by Grinder for 4 turns
  2818 | D:3      | Reached skill level 1 in Stealth
  2818 | D:3      | Reached XP level 5. HP: 41/45 MP: 5/5
  3445 | D:3      | Found a hide-covered altar of Uskayaw.
  3618 | D:3      | Reached skill level 6 in Long Blades
  3814 | D:4      | Reached XP level 6. HP: 47/51 MP: 6/6
  3824 | D:4      | Found a shattered altar of Ashenzari.
  3824 | D:4      | Found a blossoming altar of Fedhas.
  3882 | D:4      | Found a sand-covered staircase.
  3935 | Ossuary  | Entered an ossuary
  3935 | Ossuary  | Noticed a wraith
  3935 | Ossuary  | Noticed a wraith
  3935 | Ossuary  | Noticed a wraith
  3999 | Ossuary  | Reached skill level 1 in Throwing
  4537 | Ossuary  | Noticed a wraith
  4648 | Ossuary  | Identified 2 scrolls of acquirement
  4648 | Ossuary  | Acquired 720 gold pieces
  4649 | Ossuary  | Acquired the +1 scimitar of Bright Valiance {freeze, Str+4}
  4878 | D:4      | Reached skill level 7 in Long Blades
  5119 | D:4      | Noticed Eustachio
  5385 | D:5      | Entered Level 5 of the Dungeon
  5401 | D:5      | Your scales start taking on a pale cyan-grey colour.
  5401 | D:5      | Reached XP level 7. HP: 33/57 MP: 7/7
  5638 | D:5      | Reached skill level 8 in Long Blades
  5721 | D:5      | Found Ygukuhask's Antique Armour Boutique.
  5752 | D:5      | Reached skill level 1 in Evocations
  5966 | D:5      | Found a staircase to the Ecumenical Temple.
  5975 | Temple   | Entered the Ecumenical Temple
  6039 | Temple   | Became a worshipper of Makhleb the Destroyer
  6066 | D:5      | Got a smoking dagger
  6067 | D:5      | Identified the +6 dagger of Kysch {protect, +Inv rF+} (You
                  | found it on level 5 of the Dungeon)
  6272 | D:5      | Found a snail-covered altar of Cheibriados.
  6494 | D:4      | Killed Eustachio
  6494 | D:4      | Reached XP level 8. HP: 64/66 MP: 8/8
  6603 | D:6      | Noticed Sigmund
  6611 | D:6      | Killed Sigmund
  6611 | D:6      | Reached skill level 9 in Long Blades
  6669 | D:6      | Noticed Edmund
  6749 | D:6      | Killed Edmund
  6911 | D:6      | Reached skill level 5 in Fighting
  6987 | D:6      | Noticed Duvessa
  7008 | D:6      | Noticed Dowan
  7034 | D:6      | Found a runed translucent door.
  7035 | D:6      | Found a runed translucent door.
  7198 | D:6      | Found a stormy altar of Qazlal.
  7417 | D:7      | Reached skill level 5 in Shields
  8112 | D:7      | Found a hazy altar of Hepliaklqana.
  8140 | D:7      | Reached skill level 10 in Long Blades
  8140 | D:7      | Reached XP level 9. HP: 70/75 MP: 9/9
  8698 | D:8      | Reached * piety under Makhleb
  9188 | D:8      | Reached skill level 11 in Long Blades
  9627 | D:9      | Noticed Joseph
  9628 | D:9      | Reached ** piety under Makhleb
  9811 | D:9      | Found a glowing golden altar of the Shining One.
  9841 | D:9      | Reached XP level 10. HP: 75/83 MP: 10/10
 10050 | D:9      | Killed Joseph
 10050 | D:9      | Reached skill level 12 in Long Blades
 10392 | D:9      | Reached *** piety under Makhleb
 10394 | D:9      | Found a staircase to the Lair.
 11106 | D:9      | Gained mutation: You are dopey. (Int -2) [potion of
                  | mutation]
 11106 | D:9      | Gained mutation: You can translocate small distances at
                  | will. [potion of mutation]
 11278 | D:3      | Killed Grinder
 11278 | D:3      | Reached **** piety under Makhleb
 11598 | D:6      | Killed Dowan
 11665 | D:6      | Killed Duvessa
 11665 | D:6      | Reached skill level 1 in Invocations
 11887 | Lair:1   | Entered Level 1 of the Lair of Beasts
 12161 | Lair:1   | Reached skill level 1 in Short Blades
 12231 | Lair:1   | Noticed an eight-headed hydra
 12244 | Lair:1   | Noticed a black mamba
 12325 | Lair:1   | Reached skill level 13 in Long Blades
 12417 | Lair:1   | Noticed a black mamba
 12428 | Lair:1   | Killed a black mamba
 12764 | Lair:1   | Noticed an elephant
 12764 | Lair:1   | Noticed an elephant
 12764 | Lair:1   | Noticed an elephant
 12765 | Lair:1   | Noticed an elephant
 12774 | Lair:1   | Killed an elephant
 12774 | Lair:1   | Reached XP level 11. HP: 89/89 MP: 12/12
 13328 | Lair:1   | You fall into a shaft and drop 1 floor!
 14682 | Lair:2   | Found a staircase to the Swamp.
 15075 | Lair:3   | Reached ***** piety under Makhleb
 15144 | Lair:3   | Found a gate leading to a gauntlet.
 15208 | Gauntlet | Entered a Gauntlet
 15208 | Gauntlet | Found a transporter.
 15208 | Gauntlet | Found a transporter.
 15214 | Gauntlet | Found a transporter.
 15216 | Gauntlet | Found a transporter.
 15219 | Gauntlet | Found a transporter.
 15219 | Gauntlet | Found a transporter.
 15256 | Gauntlet | Found a transporter.
 15259 | Gauntlet | Found a transporter.
 15259 | Gauntlet | Found a transporter.
 15261 | Gauntlet | Noticed a death yak
 15262 | Gauntlet | Noticed a death yak
 15263 | Gauntlet | Noticed a death yak
 15265 | Gauntlet | Noticed a wretched star
 15274 | Gauntlet | Found a transporter.
 15290 | Gauntlet | Found a transporter.
 15295 | Gauntlet | Noticed a death yak
 15300 | Gauntlet | Noticed a necromancer
 15305 | Gauntlet | Found a runed translucent door.
 15306 | Gauntlet | Found a transporter.
 15307 | Gauntlet | Found a runed translucent door.
 15310 | Gauntlet | Found a transporter.
 15317 | Gauntlet | Noticed a death ooze
 15342 | Gauntlet | Noticed a wolf spider
 15350 | Gauntlet | Found a transporter.
 15462 | Gauntlet | Reached skill level 10 in Shields
 15464 | Gauntlet | Mangled by a wolf spider

Illustrated notes

Levels and vault maps discovered:
D:1:      nicolae_arrival_memento_mori, layout_basic, minmay_pentomino_w4
D:2:      layout_rooms, marbit_many_paths, chequers_serial_rivers_marsh
D:3:      minmay_chambers_of_threes, layout_loops_cross, old_standard_altar,
          kennysheep_generic_room_7, uniq_grinder
D:4:      layout_basic, gammafunk_temple_overflow_elements,
          nicolae_ossuary_entry_giza, first_ration, uniq_eustachio
D:5:      layout_basic, kennysheep_mini_moat, minmay_temple_entry_waves,
          serial_shops, nicolae_shop_behind_doors, grunt_tough_drop
D:6:      lemuel_insect_pit, layout_basic, kennysheep_little_box, uniq_edmund,
          uniq_sigmund, uniq_duvessa
D:7:      layout_basic, nicolae_overflow_crystal_walls,
          kennysheep_decorative_pillar
D:8:      layout_loops_ring
D:9:      layout_roguey, old_standard_altar, erik_lair_orcish_takeover,
          hangedman_fish_farm, uniq_joseph
Temple:   nicolae_temple_great_sept
Lair:1:   layout_chaotic_city, st_stairs_5, kennysheep_abandoned_house
Lair:2:   layout_regular_city, minmay_swamp_entry_worms
Lair:3:   layout_long_grid, spider_nest_entry_a, gauntlet_entry_generic,
          serial_rivers, chequers_serial_rivers_micro_d,
          chequers_serial_rivers_micro_a, chequers_serial_rivers_micro_b,
          chequers_serial_rivers_micro_d, chequers_serial_rivers_micro_a,
          chequers_serial_rivers_marsh, lemuel_fruit_tree
Gauntlet: gammafunk_gauntlet_mixed_choke_point
          [minmay_gauntlet_arena_77_double_cross,
          minmay_gauntlet_arena_77_museum, minmay_gauntlet_arena_77_box,
          nicolae_gauntlet_arena_flowing_pool, minmay_gauntlet_arena_77_cramped,
          minmay_gauntlet_arena_77_block_sizes, minmay_gauntlet_arena_77_braids,
          gauntlet_exit_green]

Skill      XL: |  1  2  3  4  5  6  7  8  9 10 11 |
---------------+----------------------------------+-----
Long Blades    | 3 4 5 6 7 8 10 11 13 | 13.8
Stealth        | 1 |  1.0
Throwing       | 1 3 4 |  4.0
Dodging        | 3 |  3.0
Evocations     | 1 |  1.5
Fighting       | 4 5 6 |  6.1
Shields        | 5 7 8 10 | 10.0
Invocations    | 2 4 |  4.2
Short Blades   | 2 3 |  3.8

Action                   |  1- 3 |  4- 6 |  7- 9 | 10-12 || total
-------------------------+-------+-------+-------+-------++-------
Melee: Long sword        |   133 |   216 |       |       ||   349
       Tailslap          |    12 |    34 |    43 |    66 ||   155
       Scimitar          |       |    13 |   309 |   338 ||   660
       Dagger            |       |       |     8 |     1 ||     9
Throw: Stone             |     9 |    15 |       |     1 ||    25
       Boomerang         |     1 |       |    27 |    19 ||    47
       Dart              |       |       |     7 |    81 ||    88
       Throwing net      |       |       |       |     4 ||     4
Invok: Lesser Servant of |       |       |       |     1 ||     1
 Abil: Breathe Steam     |       |       |     3 |       ||     3
       Blink             |       |       |       |     4 ||     4
Evoke: Wand              |       |       |    12 |     6 ||    18
  Use: Potion            |     1 |     6 |     7 |     4 ||    18
       Scroll            |     3 |     8 |     8 |     7 ||    26
 Stab: Sleeping          |       |    12 |     8 |     4 ||    24
       Distracted        |       |     1 |       |     1 ||     2
       Held in net/web   |       |       |       |     2 ||     2
  Eat: Chunk             |     2 |     8 |     9 |     8 ||    27
       Ration            |       |     1 |     2 |     3 ||     6
Armor: Skin              |    47 |    36 |    83 |    39 ||   205
Dodge: Dodged            |    81 |    60 |   110 |    70 ||   321
Block: Kite shield       |    77 |   101 |   173 |   153 ||   504
       Rpst.: Long sword |    22 |    20 |       |       ||    42
       Scimitar          |       |     1 |    33 |    17 ||    51
